 Dungeon Crawl Stone Soup version 0.31-a0-202-g547052bce9 (webtiles) character file.

Game seed: 7788262231214731183

64 qw the Shooter (level 3, 0/20 HPs)
             Began as a Deep Elf Hunter on June 26, 2023.
             Succumbed to their own poison gas
             ... on level 2 of the Dungeon.
             The game lasted 00:00:39 (1553 turns).

qw the Shooter (Deep Elf Hunter)                    Turns: 1553, Time: 00:00:39

Health: 0/20       AC:  3    Str: 10    XL:     3   Next: 91%
Magic:  5/5        EV: 17    Int: 13    God:
Gold:   103        SH:  0    Dex: 18    Spells: 2/2 levels left

rFire   . . .        Y - +0 shortbow
rCold   . . .        (shield currently unavailable)
rNeg    . . .        c - +0 leather armour
rPois   .            (no helmet)
rElec   .            (no cloak)
rCorr   .            (no gloves)
SInv    .            (no boots)
Will    .....        (no amulet)
Stlth   ++           g - +5 ring of evasion
HPRegen 0.23/turn    (no ring)
MPRegen 0.09/turn

%: no passive effects
@: lethally poisoned (0 -> -7)
A: no striking features
a: no special abilities


You were on level 2 of the Dungeon.
You visited 1 branch of the dungeon, and saw 2 of its levels.

You collected 103 gold pieces.


   Skills:
 - Level 1.5 Fighting
 + Level 7.3 Ranged Weapons
 - Level 2.4 Dodging
 - Level 1.2 Stealth


You had 2 spell levels left.
You didn't know any spells.
Your spell library was empty.

Inventory:

Hand Weapons
 Y - a +0 shortbow (weapon)
Armour
 c - a +0 leather armour (worn)
Jewellery
 g - a +5 ring of evasion (left hand)
Scrolls
 i - a scroll of identify
Potions
 f - a potion of invisibility {unknown}
 h - a potion of heal wounds {unknown}

Dungeon Overview and Level Annotations

Branches:
Dungeon (2/15)

Altars:


Message History

Done exploring.
Enter note:
Enter note:
Enter note: Done exploring.
1546 ||| READING scroll labelled JAJATI CESISKUCUMM.
Blink to where?
Press: ? - help, Dir - move target, f - you Are you sure you want to cancel this blink?
As you read the scroll labelled JAJATI CESISKUCUMM, it crumbles to dust.
It was a scroll of blinking.
Done exploring.
1547 ||| READING scroll labelled LUSHRA NOLUPURGH.
The air fills with toxic fumes!
As you read the scroll labelled LUSHRA NOLUPURGH, it crumbles to dust.
It was a scroll of poison.
Done exploring.
1548 ||| READING scroll labelled YWICZEBYCA.
As you read the scroll labelled YWICZEBYCA, it crumbles to dust.
It is a scroll of enchant armour.
Really abort (and waste the scroll)?
Done exploring.
(D) Dungeon
Where to? (* - list waypoints, Enter - D:2, ? - help)
What level of the Dungeon? (default 1, ? - help) Sorry, I don't know how to get there.
Enter note:
Enter note:
Enter note: Really walk into that cloud of poison gas?
You are engulfed in poison gas.
You are poisoned.
You feel very sick.
1550 ||| Stepping ~*~*~tactically~*~*~ (cloud).
You feel very sick.
There is a lethal amount of poison in your body!
You feel very sick.
There is a lethal amount of poison in your body!
You feel sick.
There is a lethal amount of poison in your body!
You die...

##.##....# #......#
#.##....#######......#
####..%.00¤0.###.....#
#....¤0¤¤¤.##.....#
#(...0¤¤¤¤.##.....#
#....¤¤00¤¤##.....##########
#....¤¤¤¤¤0##.....##.......#
####.0¤¤¤¤¤0####...........#
#.¤¤¤0¤¤¤@###...........#
#########0¤0#......<######
###¤¤¤......# #..
##¤¤0¤....# #.. #¤¤¤¤....#
#^. ##0¤0....## #..
###¤.#...# ##. ##.....# #.:
##)...# #?#


There were no monsters in sight!

Vanquished Creatures
  An adder (D:1)
  A worm (D:2)
  5 bats
  4 endoplasms
  4 giant cockroaches (D:1)
  5 goblins
  8 hobgoblins
  2 jackals (D:2)
  3 quokkas (D:1)
  5 ball pythons
  4 frilled lizards
  2 kobolds (D:1)
  A rat (D:1)
45 creatures vanquished.

Notes
Turn   | Place    | Note
-------+----------+-------------------------------------------
     0 | D:1      | qw the Deep Elf Hunter began the quest for the Orb.
     0 | D:1      | Reached XP level 1. HP: 12/12 MP: 3/3
     0 | D:1      | 0 ||| qw: Version: 0.3-a-22-g0ed2b0b
     0 | D:1      | 0 ||| qw: Game counter: 6153
     0 | D:1      | 0 ||| qw: Melee chars always use a shield: true
     0 | D:1      | 0 ||| qw: God list: Okawaru
     0 | D:1      | 0 ||| qw: Allow faded altars: false
     0 | D:1      | 0 ||| qw: Do Orc after clearing Dungeon:15 true
     0 | D:1      | 0 ||| qw: Do second Lair branch before Depths: true
     0 | D:1      | 0 ||| qw: Lair rune preference: random
     0 | D:1      | 0 ||| qw: Goals: Normal
     0 | D:1      | 0 ||| PLANNING D:1-11
   178 | D:1      | Reached XP level 2. HP: 16/16 MP: 4/4
   181 | D:1      | Reached skill level 6 in Ranged Weapons
   631 | D:1      | Reached XP level 3. HP: 14/20 MP: 5/5
  1107 | D:1      | 1107 ||| UPGRADING to +5 ring of evasion.
  1108 | D:1      | 1108 ||| READING scroll labelled HASHOVUHAFA.
  1112 | D:1      | 1112 ||| READING scroll labelled TYDAXK GUILL.
  1113 | D:1      | 1113 ||| READING 2 scrolls labelled XUQACS UMEOS.
  1114 | D:1      | 1114 ||| READING scroll labelled USOOTUEMIFF.
  1115 | D:1      | 1115 ||| READING scroll labelled XUHISTA KATTIL.
  1116 | D:1      | 1116 ||| DROPPING scroll of butterflies.
  1148 | D:2      | 1148 ||| FLEEEEING.
  1159 | D:2      | 1159 ||| STAIRDANCE
  1164 | D:1      | Reached skill level 7 in Ranged Weapons
  1210 | D:1      | 1210 ||| READING scroll labelled VYOMYU BUCISTU.
  1546 | D:2      | 1546 ||| READING scroll labelled JAJATI CESISKUCUMM.
  1547 | D:2      | 1547 ||| READING scroll labelled LUSHRA NOLUPURGH.
  1548 | D:2      | 1548 ||| READING scroll labelled YWICZEBYCA.
  1550 | D:2      | 1550 ||| Stepping ~*~*~tactically~*~*~ (cloud).
  1551 | D:2      | HP: 3/20 [poisoned by you (poison gas)]
  1553 | D:2      | Succumbed to their own poison gas

Levels and vault maps discovered:
D:1:      heliophobic_arrival_glass_houses, layout_loops_corners,
          minmay_octomino_j4
D:2:      layout_basic

Skill      XL: |  1  2  3 |
---------------+----------+-----
Ranged Weapons | 6 7 |  7.3
Fighting       | |  1.5
Dodging        | |  2.4
Stealth        | |  1.2

Action                     || total
---------------------------++-------
   Fire: Shortbow          ||   150
    Use: Scroll            ||     9
 Armour: Leather armour    ||    12
  Dodge: Dodged            ||    25

Table legend:
 A = Non-vault XP
 B = Vault XP
 C = Vault XP percentage of total XP
 D = Non-vault monster count
 E = Vault monster count
 F = Vault count percentage of total count
                 A         B        C        D         E       F
            +---------+---------+-------+---------+---------+-------
      Total |      84 |       8 |   8.7 |      41 |       4 |   8.9
            +---------+---------+-------+---------+---------+-------
        D:1 |      56 |       8 |  12.5 |      27 |       4 |  12.9
        D:2 |      28 |       0 |   0.0 |      14 |       0 |   0.0
            +---------+---------+-------+---------+---------+-------
